 Dungeon Crawl Stone Soup version 0.31-a0-369-g8eba5f6939 (webtiles) character file.

Game seed: 3679561647489476262

6965 Newt the Summoner (level 11, 0/84 HPs)
             Began as a Merfolk Gladiator on July 28, 2023.
             Was a Believer of Makhleb.
             Slain by a yak (13 damage)
             ... on level 10 of the Dungeon.
             The game lasted 00:11:20 (9222 turns).

Newt the Summoner (Merfolk Gladiator)               Turns: 9222, Time: 00:11:20

Health: 0/84       AC:  8    Str: 18    XL:     11   Next: 7%
Magic:  17/17      EV: 17    Int: 12    God:    Makhleb [**....]
Gold:   565        SH:  0    Dex: 23    Spells: 16/18 levels left

rFire   . . .        l - +7 mace "Tinerghouk" {elec, Dex+6 Stlth+}
rCold   . . .        (no shield)
rNeg    . . .        w - +0 leather armour of Hangman {rElec Int+5}
rPois   +            c - +0 helmet
rElec   +            s - +2 cloak
rCorr   .            t - +0 pair of gloves
SInv    .            (no boots)
Will    +....        C - amulet of faith
Stlth   +++          p - ring of poison resistance
HPRegen 0.34/turn    H - ring of willpower
MPRegen 0.15/turn

%: faith
@: no status effects
A: (nimble swimmer 2), mertail
a: Renounce Religion, Minor Destruction


You were on level 10 of the Dungeon.
You worshipped Makhleb.
Makhleb was pleased with you.
You visited 1 branch of the dungeon, and saw 10 of its levels.
You also visited: Bailey.

You collected 565 gold pieces.

Inventory:

Hand Weapons
 a - a +1 trident
 l - the +7 mace "Tinerghouk" (weapon) {elec, Dex+6 Stlth+}
   (You found it on level 3 of the Dungeon)

   Dex:       It affects your dexterity (+6).
   Stlth:     It makes you more stealthy.
Missiles
 d - 2 throwing nets
 e - 3 javelins
Armour
 b - a +0 leather armour
 c - a +0 helmet (worn)
 i - an orb of wrath
 s - a +2 cloak (worn)
 t - a +0 pair of gloves (worn)
 w - the +0 leather armour of Hangman (worn) {rElec Int+5}
   (You found it on level 4 of the Dungeon)

   Int:       It affects your intelligence (+5).
   rElec:     It insulates you from electricity.
Jewellery
 p - a ring of poison resistance (left hand)
 C - an amulet of faith (around neck)
 H - a ring of willpower (right hand)
Wands
 m - a wand of mindburst (5)
 B - a wand of charming (19)
Scrolls
 g - 5 scrolls of revelation
 r - a scroll of enchant weapon
 u - 3 scrolls of identify
 v - 2 scrolls of fog
 x - a scroll of enchant armour
 y - 2 scrolls of poison
Potions
 f - 6 potions of haste
 h - 3 potions of curing
 j - 2 potions of invisibility
 k - 6 potions of cancellation
 n - 4 potions of mutation {unknown}
 o - 2 potions of ambrosia
 q - 2 potions of lignification
 z - a potion of degeneration
 A - a potion of attraction
 D - 3 potions of heal wounds {unknown}
 E - 2 potions of magic {unknown}
 F - a potion of might {unknown}
 G - 3 potions of resistance {unknown}
 I - a potion of berserk rage {unknown}


   Skills:
 - Level 7.0 Fighting
 + Level 7.5 Maces & Flails
 - Level 5.3 Polearms
 - Level 2.0 Throwing
 - Level 7.0 Dodging
 - Level 4.1 Spellcasting
 - Level 10.5 Summonings


You had 16 spell levels left.
You knew the following spells:

 Your Spells              Type           Power      Damage    Failure   Level
a - Call Imp              Summ           54%        N/A       1%          2

Your spell library contained the following spells:

 Spells                   Type           Power      Damage    Failure   Level
 Magic Dart               Conj           8%         1d3       26%         1
 Slow                     Hex            8%         N/A       26%         1
 Sting                    Tmut/Pois      8%         1d3       26%         1
 Ensorcelled Hibernation  Hex/Ice        4%         N/A       36%         2
 Poisonous Vapours        Pois/Air       4%         N/A       36%         2
 Sublimation of Blood     Necr           2%         N/A       36%         2
 Wereblood                Tmut           2%         N/A       36%         2
 Confusing Touch          Hex            2%         N/A       61%         3
 Mephitic Cloud           Conj/Pois/Air  2%         N/A       61%         3
 Tukima's Dance           Hex            2%         N/A       61%         3
 Vampiric Draining        Necr           2%         2d6       61%         3
 Anguish                  Hex/Necr       1%         N/A       95%         4
 Olgreb's Toxic Radiance  Pois           2%         N/A       95%         4
 Passage of Golubria      Tloc           2%         N/A       95%         4
 Summon Hydra             Summ           13%        N/A       96%         7
 Yara's Violent Unravell  Hex/Tmut       1%         3d3       100%        5


Dungeon Overview and Level Annotations

Branches:
Dungeon (10/15)            Temple (0/1) D:7            Lair (0/5) D:9
 Bailey (visited)
    Orc: D:9-12

Altars:
Elyvilon
Makhleb
Sif Muna
Xom
Yredelemnul


Innate Abilities, Weirdness & Mutations

((You are very nimble when in or above water. (Stealth+, EV+, Speed+++)))
Your lower body shifts to a powerful aquatic tail in water.


Message History

An orc priest comes into view. It is wielding a +0 whip.
You sock the yak!
The yak is heavily wounded.
Your cerulean imp barely misses the yak.
The yak misses you.
You barely miss the yak.
The yak is heavily wounded.
Your cerulean imp hits the yak but does no damage.
The yak barely misses your cerulean imp.
The yak closely misses you.
The orc priest looks encouraged for a moment.
You hit the yak.
The yak is heavily wounded.
Your cerulean imp hits the yak with a -2 spear.
The yak closely misses your cerulean imp.
The yak closely misses you.
The orc priest mumbles some strange prayers to Beogh against you.
Beogh smites you!
The orc priest invokes the aid of Beogh against you.
Beogh smites you!
You closely miss the yak.
The yak is heavily wounded.
Your cerulean imp hits the yak but does no damage.
The yak gores your cerulean imp. The yak closely misses you.
The orc priest begins to cast a cantrip, but forgets the words!
Unknown command.
You barely miss the yak.
The yak is heavily wounded.
Your cerulean imp hits the yak but does no damage.
The yak gores your cerulean imp.
Your cerulean imp dies!
Your cerulean imp disappears in a puff of smoke!
The yak barely misses you.
The orc priest invokes the aid of Beogh against you.
Beogh smites you!
* * * LOW HITPOINT WARNING * * *
You sock the yak!
The yak is severely wounded.
The yak gores you!
You die...

.....# ..# .< ####.#
.. >.# # #.# ##..#..#
####.##### #". ...
#.......# #.o.o.
#.#.###.# #.###§#§#
#.#..##.# #...oYY.#
#.##.##.# #Y#
#.##.##.# #@#
#.##.##.# ##.#
#.......# #..#
##.##.#### #..##
#...#.#########...####
.....................+
#...#..########...####
#..##..# #..##
#.###..# ...#


You could see 3 yaks, 2 orc priests and an orc.

Vanquished Creatures
  A two-headed ogre (D:9)
  A wizard (D:9)
  A gargoyle (D:9)
  A komodo dragon (D:9)
  Maggie (D:6)
  A troll (D:9)
  2 shadows (D:10)
  2 wyverns
  7 yaks
  An acid dragon (D:8)
  2 water moccasins
  An ice beast (D:6)
  A sky beast (D:7)
  A centaur (D:8)
  2 ogres
  3 phantoms
  Blork the orc (D:6)
  5 bullfrogs (D:7)
  2 scorpions
  A gnoll sergeant (D:7)
  3 wights (D:6)
  3 howler monkeys
  Crazy Yiuf (D:3)
  4 hounds
  3 orc priests
  2 iguanas
  3 gnoll boudas
  7 orc wizards
  34 gnolls
  8 adders
  2 white imps
  3 ufetubi
  A worm (D:4)
  3 dart slugs
  26 orcs
  6 bats
  9 endoplasms
  5 giant cockroaches
  10 goblins
  4 hobgoblins
  9 jackals
  10 kobolds
  6 quokkas
  12 ball pythons
  4 rats
215 creatures vanquished.

Vanquished Creatures (collateral kills)
  An orc knight (Bailey)
  4 orcs (Bailey)
  2 goblins (D:9)
7 creatures vanquished.

Grand Total: 222 creatures vanquished

Notes
Turn   | Place    | Note
-------+----------+-------------------------------------------
     0 | D:1      | Newt the Merfolk Gladiator began the quest for the Orb.
     0 | D:1      | Reached XP level 1. HP: 16/16 MP: 1/1
   182 | D:1      | Reached XP level 2. HP: 24/24 MP: 2/2
   345 | D:1      | Reached XP level 3. HP: 30/30 MP: 3/3
   818 | D:2      | Reached XP level 4. HP: 37/37 MP: 4/4
   872 | D:2      | Reached skill level 5 in Polearms
  1116 | D:3      | Identified the +7 mace "Tinerghouk" {elec, Dex+6 Stlth+}
  1314 | D:3      | Reached skill level 1 in Maces & Flails
  1318 | D:3      | Reached XP level 5. HP: 5/42 MP: 5/5
  1670 | D:3      | Found a runed translucent door.
  1671 | D:3      | Noticed Crazy Yiuf
  1740 | D:3      | Found a faded altar of an unknown god.
  1849 | D:3      | Killed Crazy Yiuf
  2081 | D:4      | Reached XP level 6. HP: 39/48 MP: 6/6
  2431 | D:4      | Found a white marble altar of Elyvilon.
  2758 | D:4      | Reached XP level 7. HP: 46/54 MP: 7/7
  2842 | D:4      | Reached skill level 5 in Maces & Flails
  3128 | D:4      | Identified the +0 leather armour of Hangman {rElec Int+5}
  3439 | D:5      | Entered Level 5 of the Dungeon
  3457 | D:5      | Found a burning altar of Makhleb.
  3813 | D:6      | Reached XP level 8. HP: 42/60 MP: 8/8
  3827 | D:6      | Reached skill level 1 in Spellcasting
  3827 | D:6      | Reached skill level 1 in Summonings
  3973 | D:6      | Reached skill level 2 in Summonings
  4011 | D:6      | Reached skill level 3 in Summonings
  4317 | D:6      | Noticed Maggie
  4326 | D:6      | Killed Maggie
  4327 | D:6      | Reached skill level 4 in Summonings
  4327 | D:6      | Reached XP level 9. HP: 37/65 MP: 12/14
  4425 | D:6      | Learned a level 2 spell: Call Imp
  4557 | D:6      | Noticed Blork the orc
  4564 | D:6      | Killed Blork the orc
  4582 | D:5      | Became a worshipper of Makhleb the Destroyer
  4880 | D:7      | Found a staircase to the Ecumenical Temple.
  4901 | D:7      | Reached skill level 5 in Summonings
  5123 | D:7      | Reached skill level 6 in Summonings
  5421 | D:7      | Found a basalt altar of Yredelemnul.
  5649 | D:7      | Reached * piety under Makhleb
  5650 | D:7      | Reached skill level 7 in Summonings
  5975 | D:7      | Found a shimmering altar of Xom.
  6236 | D:8      | Identified the +5 spear of Duty {freeze, Str+3}
  6550 | D:8      | Found a shimmering blue altar of Sif Muna.
  6570 | D:8      | Reached skill level 8 in Summonings
  7138 | D:9      | Noticed a wizard
  7145 | D:9      | Killed a wizard
  7146 | D:9      | Reached skill level 9 in Summonings
  7146 | D:9      | Reached XP level 10. HP: 64/71 MP: 16/16
  7198 | D:9      | Reached skill level 10 in Summonings
  7314 | D:9      | Found a flagged portal.
  7327 | Bailey   | Entered a bailey
  7507 | Bailey   | Noticed an orc knight
  7536 | Bailey   | Killed an orc knight
  7537 | Bailey   | Reached skill level 5 in Dodging
  7921 | D:9      | Noticed a gargoyle
  7932 | D:9      | Killed a gargoyle
  8092 | D:9      | Noticed a two-headed ogre
  8103 | D:9      | Killed a two-headed ogre
  8104 | D:9      | Reached skill level 5 in Fighting
  8476 | D:9      | Found a staircase to the Lair.
  8613 | D:9      | Reached ** piety under Makhleb
  8614 | D:9      | Reached XP level 11. HP: 25/83 MP: 14/17
  8953 | D:10     | Entered Level 10 of the Dungeon
  9222 | D:10     | Slain by a yak

Illustrated notes

Levels and vault maps discovered:
D:1:      saegor_arrival_simple_b, layout_basic
D:2:      layout_rooms
D:3:      layout_rooms, ebering_ecumenical_altar_abandoned,
          uniq_crazy_yiuf_cottage
D:4:      minmay_spotlight, layout_loops_ring, elyvilon_altar_3
D:5:      layout_rooms, nicolae_overflow_hidden_temple,
          lemuel_coloured_pillars_altar, cheibrodos_gnoll_hut
D:6:      layout_basic, uniq_blork_the_orc, uniq_maggie
D:7:      layout_loops_cross, kennysheep_little_box, amcnicky_altar_gilded,
          minmay_temple_entry_mini_moons, serial_aquarium,
          aquarium_bridge_long_joined [aquarium_subvault_bridge,
          aquarium_subvault_window, aquarium_subvault_bridge,
          aquarium_subvault_wall, aquarium_subvault_window,
          aquarium_subvault_bridge], aquarium_bridge_square
          [aquarium_subvault_bridge, aquarium_subvault_window,
          aquarium_subvault_bridge, aquarium_subvault_window],
          aquarium_window_2, aquarium_window_fake, aquarium_window_1,
          aquarium_window_fake, aquarium_view_2d
D:8:      layout_basic, kennysheep_mini_moat
D:9:      layout_roguey, david_lair_shrubbed, enter_bailey_3
D:10:     layout_loops_corners, kiku_gazebo_garden_becter

Skill      XL: |  1  2  3  4  5  6  7  8  9 10 11 |
---------------+----------------------------------+-----
Fighting       | 3 4 6 7 |  7.0
Polearms       | 5 |  5.3
Maces & Flails | 1 3 4 6 7 |  7.5
Spellcasting   | 3 4 |  4.1
Summonings     | 4 9 10 | 10.5
Dodging        | 7 |  7.0
Throwing       | |  2.0

Action                     |  1- 3 |  4- 6 |  7- 9 | 10-12 || total
---------------------------+-------+-------+-------+-------++-------
  Melee: Trident           |   113 |    43 |       |       ||   156
         Mace              |       |   110 |   214 |   155 ||   479
         Punch             |       |     3 |     1 |     2 ||     6
  Throw: Throwing net      |       |     2 |     1 |     3 ||     6
   Cast: Call Imp          |       |       |     2 |    11 ||    13
  Evoke: Wand              |       |     1 |     3 |     4 ||     8
    Use: Scroll            |     6 |     4 |     5 |     1 ||    16
         Potion            |       |     1 |     1 |       ||     2
   Stab: Sleeping          |       |     3 |    13 |     6 ||    22
         Held in net/web   |       |       |     1 |     1 ||     2
         Distracted        |       |       |       |     4 ||     4
 Armour: Leather armour    |    35 |    56 |    63 |    31 ||   185
  Dodge: Dodged            |    86 |   147 |   148 |   106 ||   487

Table legend: (Time is in decaauts)
 A = Elapsed time spent in this place.
 B = Non-inter-level travel time spent in this place.
 C = Inter-level travel time spent in this place.
 D = Time resting spent in this place.
 E = Time spent auto-exploring this place.
 F = Levels seen in this place.
 G = Mean time per level.
                   A        B        C        D        E       F      G
               +--------+--------+--------+--------+--------+-----+--------+
         Total |   9275 |   8947 |    328 |   2419 |   4947 |  11 |  843.2 |
       Dungeon |   8722 |   8394 |    328 |   2234 |   4687 |  10 |  872.2 |
        Bailey |    553 |    553 |      0 |    185 |    260 |   1 |  553.0 |
               +--------+--------+--------+--------+--------+-----+--------+

Top non-repeatable levels by time:
     D:4: 1602 daAuts
     D:7: 1300 daAuts
     D:9: 1265 daAuts
     D:6: 1082 daAuts
     D:8: 995 daAuts
     D:3: 757 daAuts
     D:1: 687 daAuts
  Bailey: 553 daAuts
     D:2: 430 daAuts
     D:5: 332 daAuts
    D:10: 268 daAuts
